 Dungeon Crawl Stone Soup version 0.26.1-11-gd32895ea62 (webtiles) character file.

Game seed: 14712175600422783852

47328 nothank2 the Peltast (level 14, -1/81 HPs)
             Began as a Gargoyle Fighter on June 22, 2021.
             Was the Champion of Hepliaklqana.
             Slain by Snorg (13 damage)
             ... on level 13 of the Dungeon.
             The game lasted 00:55:00 (17554 turns).

nothank2 the Peltast (Gargoyle Fighter)            Turns: 17554, Time: 00:55:00

Health: -1/81      AC: 24    Str: 25    XL:     14   Next: 41%
Magic:  17/17      EV: 11    Int:  9    God:    Hepliaklqana [******]
Gold:   1089       SH: 21    Dex:  9    Spells: 13/13 levels left

rFire    . . .     SeeInvis .   K - +7 flail (vorpal)
rCold    . . .     Faith    .   c - +2 kite shield
rNeg     + . .     Spirit   .   i - +1 plate armour
rPois    ∞         Reflect  +   (no helmet)
rElec    +         Harm     .   R - +0 cloak
rCorr    .         Rampage  .   U - +0 pair of gloves
Will     ++...                  b - +2 pair of boots
Stlth    ..........             f - amulet of reflection
HPRegen  0.23/turn              x - ring of willpower
MPRegen  0.15/turn              O - +4 ring of evasion

@: corroded
A: reduced essence, big wings, negative energy resistance 1, electricity
resistance, unbreathing, petrification resistance, miasma immunity, AC +10
a: Fly, Renounce Religion, Recall Ancestor, Ancestor Identity, Transference,
Idealise


You were on level 13 of the Dungeon.
You worshipped Hepliaklqana.
Hepliaklqana was exalted by your worship.
You visited 3 branches of the dungeon, and saw 19 of its levels.

You collected 1303 gold pieces.
You spent 214 gold pieces at shops.

Inventory:

Hand Weapons
 l - a +3 scimitar of flaming
 D - a +2 scimitar of flaming
 K - a +7 vorpal flail (weapon)
 N - a +5 scimitar of freezing
 Y - a +1 morningstar
Missiles
 o - 29 poisoned darts (quivered)
 t - 111 sling bullets
Armour
 b - a +2 pair of boots (worn)
 c - a +2 kite shield (worn)
 i - a +1 plate armour (worn)
 u - +0 acid dragon scales
 G - a +2 leather armour of fire resistance
 R - a +0 cloak (worn)
 T - a scarf of invisibility
 U - a +0 pair of gloves (worn)
 V - a +1 chain mail of willpower
Jewellery
 f - an amulet of reflection (around neck)
 x - a ring of willpower (left hand)
 I - an uncursed amulet of regeneration {unknown}
 O - a +4 ring of evasion (right hand)
 S - an uncursed amulet of faith {unknown}
 Z - an uncursed ring of wizardry
Wands
 a - a wand of disintegration (26)
 e - a wand of digging (12)
 y - a wand of acid (22)
 L - a wand of paralysis (11)
 Q - a wand of polymorph (14)
 X - a wand of enslavement (12)
Scrolls
 g - 5 scrolls of magic mapping
 h - 2 scrolls of fog
 m - a scroll of summoning {unknown}
 p - 7 scrolls of teleportation
 q - 5 scrolls of vulnerability {unknown}
 r - a scroll of amnesia
 w - 4 scrolls of remove curse
 C - 6 scrolls of identify
 E - 6 scrolls of fear
 P - 2 scrolls of blinking
 W - 3 scrolls of holy word {unknown}
Potions
 d - 3 potions of might
 j - 3 potions of haste
 k - 7 potions of curing
 n - 6 potions of brilliance
 v - 4 potions of cancellation
 z - 2 potions of berserk rage {unknown}
 A - 3 potions of flight
 B - a potion of magic
 F - 3 potions of lignification
 H - 6 potions of ambrosia
 J - 3 potions of invisibility
 M - 3 potions of heal wounds
Miscellaneous
 s - a phantom mirror


   Skills:
 + Level 11.2 Fighting
 - Level 2.0(9.3) Axes
 + Level 14.6(14.7) Maces & Flails
 * Level 10.2 Armour
 - Level 15.0 Shields
 * Level 4.4 Invocations


You had 13 spell levels left.
You didn't know any spells.
Your spell library contained the following spells:

 Spells                   Type           Power        Failure   Level
 Animate Skeleton         Necr           0%           99%         1
 Apportation              Tloc           0%           99%         1
 Corona                   Hex            0%           99%         1
 Magic Dart               Conj           0%           99%         1
 Summon Small Mammal      Summ           0%           99%         1
 Blink                    Tloc           N/A          99%         2
 Call Imp                 Summ           0%           99%         2
 Slow                     Hex            0%           99%         2
 Call Canine Familiar     Summ           0%           100%        3
 Conjure Flame            Conj/Fire      0%           100%        3
 Ignite Poison            Fire/Tmut/Pois 0%           100%        3
 Mephitic Cloud           Conj/Pois/Air  0%           100%        3
 Summon Guardian Golem    Hex/Summ       0%           100%        3
 Summon Ice Beast         Ice/Summ       0%           100%        4
 Summon Lightning Spire   Summ/Air       0%           100%        4
 Fireball                 Conj/Fire      0%           100%        5
 Starburst                Conj/Fire      0%           100%        6
 Ignition                 Fire           0%           100%        8


Dungeon Overview and Level Annotations

Branches:
Dungeon (13/15)            Temple (1/1) D:4            Lair (5/6) D:9
  Swamp (0/4) Lair:4        Snake (0/4) Lair:4          Orc (0/2) D:12
  Slime: Lair:5-6    Vaults: D:13-14

Altars:
Dithmenos
Elyvilon
Fedhas
Gozag
Hepliaklqana
Nemelex Xobeh
Qazlal
Ru
Sif Muna
Trog
Wu Jian
Xom
Yredelemnul
Zin

Shops:
D:4 [   D:7 [[

Annotations:
D:5 3 runed translucent doors, Pepete's ghost, novice FoFi
D:13 Snorg


Innate Abilities, Weirdness & Mutations

You are resistant to torment.
Your stone body is resilient. (AC +10)
You are immune to poison.
Your large and strong wings let you fly indefinitely.
You resist negative energy. (rN+)
You are resistant to electric shocks. (rElec)
You can survive without breathing.
You are immune to petrification.
You are immune to miasma.
Your life essence is reduced to manifest your ancestor. (-10% HP)


Message History

Your plate armour prevents you from hitting Snorg.
Snorg is severely wounded.
Snorg closely misses you. Snorg claws you! You block Snorg's attack.
The phantom blinks!
The acid dragon closely misses you. The acid dragon barely misses you.
You barely miss Snorg.
Snorg is severely wounded.
You block Snorg's attack. Snorg barely misses you. You block Snorg's attack.
You hit Snorg.
Snorg is severely wounded.
The acid dragon spits acid at you.
The splash of acid reflects off an invisible shield around you!
The splash of acid hits the acid dragon.
You block Snorg's attack. Snorg claws you!
* * * LOW HITPOINT WARNING * * *
Snorg claws you!
* * * LOW HITPOINT WARNING * * *
There is a stone staircase leading up here.
You block Snorg's attack. Snorg claws you!
You die...

...... ##.....
#.....# ##
#.....#
##.##.....##^
##...#....#...
##.......W.....
##....).T.......
#.....)@D..#....
......)....# .
...........#
...........#
..........##
..........#
####......#
#.....?.


You could see Snorg (berserk, drained), a phantom and an acid dragon.

Vanquished Creatures
  Kirke (Lair:5)
  4 hydras
  Harold (Lair:2)
  5 death yaks (D:9)
  2 two-headed ogres
  Pikel (D:9)
  2 manticores
  An oklob plant (Lair:3)
  A cyclops (D:12)
  3 ugly things
  5 elephants (Lair:3)
  2 black mambas
  8 cane toads
  A gargoyle (D:11)
  5 komodo dragons
  2 rime drakes
  Maggie (D:6)
  An efreet (D:11)
  2 ice devils (Lair:1)
  2 polar bears
  3 trolls
  A queen bee (Lair:1)
  3 slime creatures (D:12)
  7 blink frogs
  A tyrant leech (Lair:4)
  Grinder (D:6)
  50 yaks
  A vampire (D:11)
  A wraith (D:12)
  5 wyverns
  6 hogs
  2 basilisks
  3 nagas (Lair:4)
  2 soldier ants
  A swamp worm (Lair:4)
  8 water moccasins
  Duvessa (D:6)
  2 phantoms
  3 ice beasts
  3 black bears
  3 orc warriors
  3 sky beasts
  2 eyes of draining (D:9)
  9 necrophages
  An ogre (D:10)
  7 wolves (Lair:1)
  A big kobold (D:10)
  A lemure (D:9)
  11 bullfrogs
  A gnoll sergeant (D:6)
  Dowan (D:6)
  3 scorpions
  10 wights
  35 killer bees
  A bullfrog zombie (D:10)
  A quasit (D:10)
  9 hounds
  5 jellies
  3 centaur skeletons
  6 orc priests
  13 orc wizards
  A gnoll shaman (D:7)
  2 iguanas
  Ijyb (D:5)
  10 worker ants
  A hound zombie (D:8)
  A hound skeleton (D:7)
  A worker ant zombie (D:8)
  14 gnolls
  9 adders
  4 white imps
  2 ufetubi (D:5)
  An ooze (D:1)
  An adder zombie (D:10)
  An adder skeleton (D:8)
  A worm (D:5)
  2 dart slugs (D:1)
  3 leopard geckos
  51 orcs
  10 giant cockroaches
  4 goblins
  9 hobgoblins
  14 jackals
  3 quokkas
  2 ball pythons
  7 bats
  8 frilled lizards
  12 kobolds
  A leopard gecko skeleton (D:4)
  A quokka skeleton (D:4)
  9 rats
466 creatures vanquished.

Vanquished Creatures (collateral kills)
  Erica (Lair:2)
  A two-headed ogre (D:11)
  An unseen horror (D:10)
  A cyclops (D:11)
  A gargoyle (D:10)
  A tyrant leech (Lair:4)
  3 blink frogs
  3 yaks
  Eustachio (D:6)
  A steam dragon (D:9)
  Edmund (D:6)
  A water moccasin (Lair:4)
  A sky beast (D:12)
  A necrophage (D:6)
  A centaur (D:11)
  5 killer bees
  2 hounds
  An orc priest (D:6)
  3 orc wizards
  A worker ant zombie (D:5)
  An adder (D:6)
  2 gnolls
  3 white imps
  3 ufetubi
  6 orcs
  A jackal zombie (D:4)
  A kobold (D:10)
  A quokka zombie (D:5)
  A butterfly (Lair:4)
50 creatures vanquished.

Vanquished Creatures (others)
  9 hexers
  2 ancestors (D:6)
  An orc (D:9)
  10 fungi
  9 plants
31 creatures vanquished.

Grand Total: 547 creatures vanquished

Notes
Turn   | Place    | Note
-------+----------+-------------------------------------------
     0 | D:1      | nothank2 the Gargoyle Fighter began the quest for the Orb.
     0 | D:1      | Reached XP level 1. HP: 14/14 MP: 1/1
   223 | D:1      | Reached XP level 2. HP: 19/19 MP: 2/2
   692 | D:1      | Reached XP level 3. HP: 23/23 MP: 3/3
  1474 | D:2      | Reached XP level 4. HP: 27/28 MP: 4/4
  1577 | D:2      | Found an opulent altar of Gozag.
  2117 | D:3      | Reached XP level 5. HP: 25/32 MP: 5/5
  2371 | D:3      | Reached skill level 4 in Shields
  3211 | D:4      | Reached skill level 5 in Maces & Flails
  3283 | D:4      | Reached XP level 6. HP: 21/38 MP: 6/6
  3316 | D:4      | Reached skill level 5 in Shields
  3855 | D:4      | Reached XP level 7. HP: 36/42 MP: 7/7
  3900 | D:4      | Found a staircase to the Ecumenical Temple.
  3908 | Temple   | Entered the Ecumenical Temple
  3952 | Temple   | Became a worshipper of Hepliaklqana the Forgotten
  4172 | D:4      | Found Maobyirph's Armour Shop.
  4196 | D:4      | Found an ornate altar of the Wu Jian Council.
  4365 | D:5      | Entered Level 5 of the Dungeon
  4412 | D:5      | Reached skill level 6 in Shields
  4655 | D:5      | Noticed Ijyb
  4657 | D:5      | Found a blossoming altar of Fedhas.
  4665 | D:5      | Killed Ijyb
  4723 | D:5      | Reached * piety under Hepliaklqana
  4894 | D:5      | Found a runed translucent gate.
  4894 | D:5      | Found a runed translucent gate.
  4894 | D:5      | Noticed Pepete's ghost (novice FoFi)
  4895 | D:5      | Found a runed translucent gate.
  5128 | D:6      | Reached skill level 7 in Shields
  5128 | D:6      | Reached XP level 8. HP: 43/43 MP: 8/8
  5240 | D:6      | Noticed Dowan
  5256 | D:6      | HP: 1/43 [killer bee (6)]
  5262 | D:6      | Noticed Duvessa
  5271 | D:6      | Reached skill level 8 in Shields
  5302 | D:6      | Killed Duvessa
  5314 | D:6      | Killed Dowan
  5518 | D:6      | Found a basalt altar of Yredelemnul.
  5529 | D:6      | Noticed Maggie
  5565 | D:6      | Killed Maggie
  5566 | D:6      | Reached skill level 9 in Shields
  5566 | D:6      | Reached XP level 9. HP: 38/46 MP: 9/9
  5904 | D:6      | Noticed Eustachio
  5925 | D:6      | Killed Eustachio
  5926 | D:6      | Noticed Grinder
  5930 | D:6      | Reached skill level 1 in Axes
  6110 | D:6      | Killed Grinder
  6111 | D:6      | Reached skill level 5 in Fighting
  6111 | D:6      | Reached skill level 10 in Shields
  6181 | D:6      | Reached ** piety under Hepliaklqana
  6182 | D:6      | Remembered your ancestor Keminub as a hexer
  6185 | D:6      | Noticed Edmund
  6194 | D:6      | Killed Edmund
  6567 | D:7      | Found Dutianin's Armour Shoppe.
  6638 | D:7      | Found Tiuneig's Armour Shop.
  6647 | D:7      | Bought a +2 pair of boots for 214 gold pieces
  6675 | D:7      | Got a bound iron amulet
  6686 | D:7      | Identified the amulet of Biobbokh {Reflect rN+ Str-5 SH+5
                  | SInv} (You found it on level 7 of the Dungeon)
  7026 | D:7      | Found a shadowy altar of Dithmenos.
  7335 | D:8      | Found a sparkling altar of Nemelex Xobeh.
  7570 | D:8      | Reached *** piety under Hepliaklqana
  7666 | D:8      | Noticed a two-headed ogre
  7685 | D:8      | Killed a two-headed ogre
  7686 | D:8      | Reached XP level 10. HP: 54/54 MP: 10/10
  7733 | D:8      | Reached skill level 11 in Shields
  7739 | D:8      | Reached skill level 5 in Armour
  8238 | D:9      | Noticed a death yak
  8238 | D:9      | Noticed a death yak
  8239 | D:9      | Noticed a death yak
  8242 | D:9      | Noticed a death yak
  8242 | D:9      | Noticed a death yak
  8259 | D:9      | Killed a death yak
  8281 | D:9      | Killed a death yak
  8282 | D:9      | Reached skill level 12 in Shields
  8292 | D:9      | Killed a death yak
  8293 | D:9      | Reached XP level 11. HP: 36/60 MP: 11/11
  8296 | D:9      | Killed a death yak
  8297 | D:9      | Reached skill level 10 in Maces & Flails
  8302 | D:9      | Killed a death yak
  8438 | D:9      | Found a staircase to the Lair.
  8598 | D:9      | Noticed Pikel
  8613 | D:9      | Killed Pikel
  8837 | D:10     | Entered Level 10 of the Dungeon
  8965 | D:10     | Reached **** piety under Hepliaklqana
  8987 | D:10     | Killed an unseen horror
  9044 | D:10     | Reached skill level 13 in Shields
  9485 | D:11     | Noticed a white ugly thing
  9502 | D:11     | Killed a white ugly thing
  9589 | D:11     | Reached XP level 12. HP: 66/66 MP: 12/12
  9649 | D:11     | Noticed a two-headed ogre
  9664 | D:11     | Killed a two-headed ogre
 10229 | D:11     | Noticed a seven-headed hydra
 10239 | D:11     | Killed a seven-headed hydra
 10440 | D:11     | Noticed a two-headed ogre
 10448 | D:11     | Killed a two-headed ogre
 10514 | D:11     | Reached skill level 14 in Shields
 10534 | D:11     | Reached ***** piety under Hepliaklqana
 10834 | Lair:1   | Entered Level 1 of the Lair of Beasts
 10956 | Lair:1   | Noticed an eight-headed hydra
 10962 | Lair:1   | Killed an eight-headed hydra
 11459 | Lair:1   | Reached XP level 13. HP: 72/72 MP: 13/13
 12152 | Lair:2   | Noticed Harold
 12167 | Lair:2   | Killed Harold
 12842 | Lair:2   | Noticed Erica
 12852 | Lair:2   | Reached skill level 15 in Shields
 12858 | Lair:2   | Killed Erica
 13480 | Lair:3   | Reached skill level 10 in Fighting
 13823 | Lair:3   | Reached skill level 1 in Invocations
 14337 | Lair:3   | You fall into a shaft and drop 2 floors!
 14377 | Lair:5   | Noticed Kirke
 14503 | Lair:4   | Found a staircase to the Snake Pit.
 14525 | Lair:4   | Reached ****** piety under Hepliaklqana
 15046 | Lair:4   | Gained mutation: Your large and strong wings let you fly
                  | indefinitely. [Gargoyle growth]
 15046 | Lair:4   | Reached XP level 14. HP: 78/79 MP: 16/16
 15268 | Lair:4   | Found a staircase to the Swamp.
 15678 | Lair:5   | Killed Kirke
 16755 | D:12     | Found a staircase to the Orcish Mines.
 16851 | D:12     | Reached skill level 10 in Armour
 17525 | D:13     | Noticed Snorg
 17554 | D:13     | Slain by Snorg

Illustrated notes

Levels and vault maps discovered:
D:1:      dpeg_arrival_simpleton_b, layout_loops_cross, feat_on_display
D:2:      layout_basic, nicolae_gozag_seed_capital
D:3:      minmay_recursive_quarters, layout_loops_corners
D:4:      layout_cave_pools, kennysheep_mini, minmay_temple_entry_slanted,
          serial_shops, shop, chequers_serial_rivers_micro_a
D:5:      layout_basic, fedhas_altar_1, gammafunk_ghost_nasty_kobolds, uniq_ijyb
D:6:      layout_cave_pools, lemuel_doored_altar, serial_column_ruins,
          column_ruins_open_small, column_ruins_corridor_corner,
          column_ruins_columns_straight, column_ruins_open_tiny,
          kennysheep_nondescript, minivault_11, uniq_eustachio, uniq_edmund,
          uniq_maggie, uniq_grinder, uniq_duvessa
D:7:      layout_loops_ring, marbit_many_paths, serial_shops, shop, shop
D:8:      layout_gridville, nemelex_xobeh_ov_fountains_minmay
D:9:      layout_rooms, dpeg_lair_monsters, uniq_pikel
D:10:     layout_basic
D:11:     layout_gridville
D:12:     layout_basic, orc_0_dummy
D:13:     layout_cave_pods, basic_altar, serial_shops,
          nicolae_shop_temple_entry_statues_fountains, uniq_urug, uniq_sonja,
          uniq_snorg, uniq_jorgrun
Temple:   regret_index_temple_sphere_string
Lair:1:   beast_lair_carwin_large_3, layout_loops_ring, special_room
          [special_room_bee], portal_ice_cave_demonic_guard,
          cheibrodos_lair_reptile_den
Lair:2:   wander_river, layout_cave_pods, infiniplex_staircase_pool_2,
          lemuel_fruit_tree, uniq_erica, uniq_harold
Lair:3:   layout_long_grid, roderic_carrion_pond
Lair:4:   layout_misc_corridors, minmay_swamp_entry_worms,
          guppyfry_snake_entry_island, grunt_megastairs_3,
          infiniplex_staircase_pool, lemuel_fruit_fields
Lair:5:   layout_layer_cave, chequers_serial_rivers_micro_d, uniq_kirke

Skill      XL: |  1  2  3  4  5  6  7  8  9 10 11 12 13 14 |
---------------+-------------------------------------------+-----
Maces & Flails | 3 4 5 6 7 8 9 11 12 14 | 14.6
Shields        | 4 5 7 9 10 12 13 14 15 | 15.0
Fighting       | 4 5 7 8 9 10 11 | 11.2
Axes           | 2 |  2.0
Armour         | 4 5 6 7 9 10 | 10.2
Invocations    | 3 4 |  4.4

Action                   |  1- 3 |  4- 6 |  7- 9 | 10-12 | 13-15 || total
-------------------------+-------+-------+-------+-------+-------++-------
Melee: Flail             |   147 |   236 |   334 |   574 |   667 ||  1958
       War axe           |       |       |    34 |     9 |       ||    43
Throw: Dart              |       |     1 |     5 |     6 |       ||    12
Invok: Recall Ancestor   |       |       |     7 |       |     2 ||     9
       Ancestor Life: He |       |       |     1 |       |       ||     1
  Use: Scroll            |       |    12 |     2 |     3 |    12 ||    29
       Potion            |       |       |     6 |       |       ||     6
 Stab: Confused          |       |       |     1 |     5 |     3 ||     9
       Distracted        |       |       |       |     5 |     2 ||     7
       Held in net/web   |       |       |       |       |     1 ||     1
Armor: Scale mail        |    91 |    24 |       |       |       ||   115
       Plate armour      |       |   184 |    15 |   207 |   186 ||   592
       Ring mail         |       |    12 |   114 |       |       ||   126
Dodge: Dodged            |    41 |    75 |    87 |   115 |   136 ||   454
Block: Kite shield       |    80 |   201 |   327 |   501 |   532 ||  1641
       Reflection        |       |       |     2 |    15 |    13 ||    30
